Remparts vs Wolfes
(R1)
Created - December 29, 2019 at 19:04
Goals
|
Remparts |
0 |
3 |
1 |
4 |
Wolfes |
0 |
3 |
3 |
6 |
|
Shots
|
Remparts |
7 |
10 |
11 |
28 |
Wolfes |
13 |
13 |
12 |
38 |
|
1st period
No Goal
Penalties :
Ryan Strome (Que) for Interference (Minor) at 1:54, Matt Puempel (Que) for Interference (Minor) at 7:30
2nd period
1. Wolfes , Zachary Sanford 8 (Thomas Spelling 6, Jamie Oleksiak 12) at 2:29
2. Wolfes , Alexandre Grenier 10 (Martin Hanzal 17) at 2:43
3. Remparts , Max Reinhart 9 (Pontus Aberg 16, Ryan Strome 17) at 4:52
4. Wolfes , Sergei Plotnikov 10 (Charles-Olivier Roussel 1, Jamie Oleksiak 13) at 8:14 (SH)
5. Remparts , Jake Virtanen 6 (Sam Reinhart 9, Cédric Lalonde-McNicoll 15) at 11:29
6. Remparts , Max Reinhart 10 (Ryan Strome 18) at 12:33 (PP)
Penalties :
Ryan Strome (Que) for Slashing (Minor) at 0:13, Keaton Thompson (Que) for Holding (Minor) at 5:44, Klas Dahlbeck (RIM) for Hooking (Minor) at 6:18, Anton Lindholm (RIM) for Interference (Minor) at 12:29, Alexandre Grenier (RIM) for Cross-checking (Minor) at 16:24
3rd period
7. Wolfes , Sean Monahan 13 (Michael Stone 19, Sergei Plotnikov 7) at 1:23 (PP)
8. Wolfes , Blake Pietila 15 (Alexandre Grenier 13, Jamie Oleksiak 14) at 4:30 (PP)
9. Remparts , Sam Reinhart 7 (William Colbert 7, Michal Jordan 11) at 5:45
10. Wolfes , Martin Hanzal 11 (Blake Pietila 14) at 7:36 (PP)
Penalties :
Pontus Aberg (Que) for High sticking (Double Minor) at 0:13, Michael Downing (Que) for Boarding (Minor) at 4:16, Keaton Thompson (Que) for Cross-checking (Minor) at 7:33, Nelson Nogier (Que) for Hooking (Minor) at 14:15
Goalie Stats
Igor Bobkov (Que), 32 saves from 38 shots - (0.842), L, 5-5-1, 60:00 minutes
Laurent Brossoit (RIM), 24 saves from 28 shots - (0.857), W, 11-7-2, 60:00 minutes
Players Stats for Remparts
Player Name G A P +/- PIM S H SB GA TA FO MP PP MP PK MP
------------------------------------------------------------------------------------
Brendan Perlini 0 0 0 0 0 0 2 0 1 1 0/0 13:09 0:52 0:00
Cédric Lalonde-McNicoll 0 1 1 0 0 3 1 0 0 0 3/5 13:35 0:00 3:15
Guillaume Desbiens 0 0 0 0 0 5 0 0 1 0 0/0 16:22 0:52 3:15
Jake Virtanen 1 0 1 2 0 2 1 0 0 0 0/0 9:07 0:00 3:01
Jonathan Matsumoto 0 0 0 -1 0 3 0 1 0 0 5/6 14:37 0:52 0:32
Keaton Thompson 0 0 0 -1 4 0 0 2 0 1 0/0 19:11 1:25 4:49
Matt Puempel 0 0 0 0 2 1 0 0 0 0 0/1 10:49 0:00 0:00
Max Reinhart 2 0 2 0 0 4 3 0 1 1 19/44 23:44 1:14 7:18
Michael Downing 0 0 0 -1 2 0 1 0 0 0 0/0 13:39 0:31 0:03
Michal Jordan 0 1 1 0 0 1 2 3 0 0 0/0 25:37 1:12 4:52
Nail Yakupov 0 0 0 0 0 0 2 1 1 0 0/0 10:26 0:08 0:00
Nelson Nogier 0 0 0 0 2 0 1 0 0 0 0/0 13:14 0:00 0:00
Niklas Hansson 0 0 0 0 0 0 1 2 0 0 0/0 21:30 1:25 7:04
Pontus Aberg 0 1 1 0 4 2 1 0 2 0 0/0 15:11 1:06 0:00
Roberts Lipsbergs 0 0 0 0 0 0 5 0 0 0 0/0 9:50 0:31 2:05
Ryan Strome 0 2 2 -1 4 5 2 1 0 1 0/0 21:19 1:06 4:26
Sam Reinhart 1 1 2 1 0 1 0 0 0 0 1/2 7:33 0:39 0:00
William Colbert 0 1 1 1 0 1 3 2 0 0 0/0 27:38 1:12 7:04
Players Stats for Wolfes
Player Name G A P +/- PIM S H SB GA TA FO MP PP MP PK MP
------------------------------------------------------------------------------------
Alexandre Grenier 1 1 2 0 2 8 0 0 0 0 1/2 19:40 6:21 0:00
Angelo Esposito 0 0 0 0 0 0 0 0 0 0 0/0 1:26 0:27 0:03
Anton Lindholm 0 0 0 0 2 0 2 1 0 0 0/0 12:37 0:00 0:04
Barclay Goodrow 0 0 0 0 0 0 3 0 0 0 0/0 7:11 0:13 0:00
Benn Ferriero 0 0 0 0 0 1 2 0 0 2 0/2 16:06 5:11 0:00
Blake Pietila 1 1 2 0 0 3 1 0 1 1 3/4 19:54 6:26 0:27
Charles-Olivier Roussel 0 1 1 -2 0 0 0 3 0 1 0/0 18:21 4:41 0:53
Jacob Lagacé 0 0 0 0 0 0 1 1 0 0 0/0 6:53 0:00 0:00
Jamie Oleksiak 0 3 3 2 0 4 0 0 0 0 0/0 26:57 7:13 1:44
Jyrki Jokipakka 0 0 0 0 0 0 0 0 0 0 0/0 2:27 0:00 0:00
Klas Dahlbeck 0 0 0 -2 2 0 1 0 0 0 0/0 19:27 4:40 0:46
Kyle Rau 0 0 0 -1 0 1 2 1 0 1 3/6 10:26 0:00 0:00
Martin Hanzal 1 1 2 0 0 9 1 0 1 0 13/24 23:22 6:21 1:29
Matt Grzelcyk 0 0 0 0 0 0 1 0 0 0 0/0 13:50 0:04 0:03
Michael Stone 0 1 1 2 0 3 2 1 1 1 0/0 28:36 7:13 1:44
Nicolas Deschamps 0 0 0 0 0 0 0 0 0 0 0/0 1:03 0:21 0:03
Pavel Kraskovsky 0 0 0 0 0 0 0 0 0 0 0/0 0:00 0:00 0:00
Scott Timmins 0 0 0 0 0 2 1 0 0 0 0/3 7:41 0:00 0:21
Sean Monahan 1 0 1 0 0 3 0 0 0 0 10/17 20:35 5:14 1:12
Sergei Plotnikov 1 1 2 1 0 1 1 0 0 0 0/0 16:47 5:14 0:38
Thomas Spelling 0 1 1 -1 0 2 1 0 0 0 0/0 10:26 0:00 0:00
Victor Olofsson 0 0 0 1 0 0 0 0 0 0 0/0 1:44 0:00 1:01
Zachary Sanford 1 0 1 -1 0 1 1 1 1 0 0/0 10:26 0:00 0:00
3 Stars
1 - Jamie Oleksiak (RIM)
2 - Max Reinhart (Que)
3 - Sergei Plotnikov (RIM)
Power Play
Remparts - 1 on 3 Attempt(s) - 33.33%
Wolfes - 3 on 9 Attempt(s) - 33.33%
Penalty Kill
Remparts - 6 on 9 Attempt(s) - 66.67%
- Score 0 goal in Penalty Kill
Wolfes - 2 on 3 Attempt(s) - 66.67%
- Score 1 goal in Penalty Kill
Team Stat
Remparts - Hits : 25 - Faceoff Wins : 28 - Blocked Shots : 12 - Penalty Minutes : 18
Wolfes - Hits : 20 - Faceoff Wins : 30 - Blocked Shots : 8 - Penalty Minutes : 6
Official
Referees : Unknown
Linesman : Unknown
Game Notes
No Game Note
Finance
Level 1 -- Attendance: 1554 (77.70%) -- Ticket Income $62,160
Level 2 -- Attendance: 785 (78.50%) -- Ticket Income $15,700
Total Attendance: 2339 (77.97%)
Total Ticket Income: $77,860
Other Income: $3,893
Total Income: $81,753
Remparts
5 vs 5 Forward
Center Left Wing Right Wing Time % Phy DF OF
1 Max Reinhart Pontus Aberg Ryan Strome 40 0 2 3
2 Jonathan Matsumoto Brendan Perlini Guillaume Desbiens 30 0 2 3
3 Cédric Lalonde-McNicoll Matt Puempel Nail Yakupov 20 0 2 3
4 Sam Reinhart Roberts Lipsbergs Jake Virtanen 10 1 2 2
5 vs 5 Defense
Defense Defense Time % Phy DF OF
1 William Colbert Michal Jordan 40 0 2 3
2 Niklas Hansson Keaton Thompson 30 1 2 2
3 Michael Downing Nelson Nogier 20 1 2 2
4 William Colbert Michal Jordan 10 1 2 2
PowerPlay Forward
Center Left Wing Right Wing Time % Phy DF OF
1 Max Reinhart Pontus Aberg Ryan Strome 60 0 0 4
2 Jonathan Matsumoto Brendan Perlini Guillaume Desbiens 40 0 1 4
PowerPlay Defense
Defense Defense Time % Phy DF OF
1 William Colbert Michal Jordan 60 0 2 3
2 Niklas Hansson Keaton Thompson 40 0 2 3
Penalty Kill 4 Players Forward
Center Wing Time % Phy DF OF
1 Max Reinhart Ryan Strome 60 1 3 1
2 Cédric Lalonde-McNicoll Guillaume Desbiens 40 1 3 1
Penalty Kill 4 Players Defense
Defense Defense Time % Phy DF OF
1 William Colbert Niklas Hansson 60 1 4 0
2 Keaton Thompson Michal Jordan 40 1 4 0
Penalty Kill - 3 Players Forward
Forward Time % Phy DF OF
1 Max Reinhart 60 1 3 1
2 Ryan Strome 40 1 3 1
Penalty Kill - 3 Players Defense
Defense Defense Time % Phy DF OF
1 William Colbert Niklas Hansson 60 1 4 0
2 Keaton Thompson Michal Jordan 40 1 4 0
4 vs 4 Forward
Center Wing Time % Phy DF OF
1 Max Reinhart Ryan Strome 60 0 2 3
2 Jonathan Matsumoto Pontus Aberg 40 0 2 3
4 vs 4 Defense
Defense Defense Time % Phy DF OF
1 William Colbert Michal Jordan 60 0 3 2
2 Niklas Hansson Keaton Thompson 40 0 3 2
Last Minutes Offensive
Center Left Wing Right Wing Defense Defense
Max Reinhart Pontus Aberg Ryan Strome Michal Jordan William Colbert
Last Minutes Defensive
Center Left Wing Right Wing Defense Defense
Max Reinhart Pontus Aberg Ryan Strome William Colbert Niklas Hansson
Goaltenders
Starting : Igor Bobkov
Backup : Garret Sparks
Extra Forwards
Normal : Sam Reinhart, Ryan Strome, Max Reinhart - PP : Sam Reinhart, Ryan Strome - PK : Jake Virtanen
Extra Defensemen
Normal : Michal Jordan, William Colbert, Niklas Hansson - PP : Keaton Thompson - PK : Michal Jordan, William Colbert
Penalty Shots
Jonathan Matsumoto, Ryan Strome, Cédric Lalonde-McNicoll, Pontus Aberg, Max Reinhart
Scratches
Viktor Baldayev (Broken Bone (Right Ankle) Injury), Juuso Ikonen (Healthy), Colin Smith (Healthy), Kyle Platzer (Healthy), Connor Honey (Healthy)
Anton Zlobin (Healthy), Mitchell Heard (Healthy), Tim Bozon (Healthy), Marek Langhamer (Healthy)
Wolfes
5 vs 5 Forward
Center Left Wing Right Wing Time % Phy DF OF
1 Martin Hanzal Blake Pietila Alexandre Grenier 40 1 2 2
2 Sean Monahan Sergei Plotnikov Benn Ferriero 30 1 2 2
3 Kyle Rau Zachary Sanford Thomas Spelling 20 1 2 2
4 Scott Timmins Jacob Lagacé Barclay Goodrow 10 1 2 2
5 vs 5 Defense
Defense Defense Time % Phy DF OF
1 Michael Stone Jamie Oleksiak 40 1 2 2
2 Charles-Olivier Roussel Klas Dahlbeck 30 1 2 2
3 Matt Grzelcyk Anton Lindholm 20 1 2 2
4 Jyrki Jokipakka Michael Stone 10 1 2 2
PowerPlay Forward
Center Left Wing Right Wing Time % Phy DF OF
1 Martin Hanzal Blake Pietila Alexandre Grenier 60 1 2 2
2 Sean Monahan Sergei Plotnikov Benn Ferriero 40 1 2 2
PowerPlay Defense
Defense Defense Time % Phy DF OF
1 Michael Stone Jamie Oleksiak 60 1 2 2
2 Charles-Olivier Roussel Klas Dahlbeck 40 1 2 2
Penalty Kill 4 Players Forward
Center Wing Time % Phy DF OF
1 Martin Hanzal Sean Monahan 60 1 2 2
2 Alexandre Grenier Blake Pietila 40 1 2 2
Penalty Kill 4 Players Defense
Defense Defense Time % Phy DF OF
1 Michael Stone Jamie Oleksiak 60 1 2 2
2 Charles-Olivier Roussel Klas Dahlbeck 40 1 2 2
Penalty Kill - 3 Players Forward
Forward Time % Phy DF OF
1 Martin Hanzal 60 1 2 2
2 Sean Monahan 40 1 2 2
Penalty Kill - 3 Players Defense
Defense Defense Time % Phy DF OF
1 Michael Stone Jamie Oleksiak 60 1 2 2
2 Charles-Olivier Roussel Klas Dahlbeck 40 1 2 2
4 vs 4 Forward
Center Wing Time % Phy DF OF
1 Martin Hanzal Sean Monahan 60 1 2 2
2 Alexandre Grenier Blake Pietila 40 1 2 2
4 vs 4 Defense
Defense Defense Time % Phy DF OF
1 Michael Stone Jamie Oleksiak 60 1 2 2
2 Charles-Olivier Roussel Klas Dahlbeck 40 1 2 2
Last Minutes Offensive
Center Left Wing Right Wing Defense Defense
Martin Hanzal Blake Pietila Alexandre Grenier Michael Stone Jamie Oleksiak
Last Minutes Defensive
Center Left Wing Right Wing Defense Defense
Martin Hanzal Blake Pietila Alexandre Grenier Michael Stone Jamie Oleksiak
Goaltenders
Starting : Laurent Brossoit
Backup : Jeremy Smith
Extra Forwards
Normal : Angelo Esposito, Nicolas Deschamps, Victor Olofsson - PP : Angelo Esposito, Nicolas Deschamps - PK : Victor Olofsson
Extra Defensemen
Normal : Matt Grzelcyk, Anton Lindholm, Jyrki Jokipakka - PP : Matt Grzelcyk - PK : Anton Lindholm, Jyrki Jokipakka
Penalty Shots
Martin Hanzal, Sean Monahan, Alexandre Grenier, Blake Pietila, Sergei Plotnikov
Scratches
Christophe Lalancette (Healthy), Joe Morrow (Broken Bone (Right Arm) Injury), Remi Elie (Healthy), Louis Belpedio (Healthy), Cameron Darcy (Healthy)
Joonas Lyytinen (Separated Right Shoulder Injury), Fredrik Olofsson (Healthy), Nolan Vesey (Healthy), Vaclav Karabacek (Healthy), Kyle Pettit (Healthy)
Dylan Sadowy (Healthy), Jeffrey Foss (Separated Right Shoulder Injury), Anton Karlsson (Healthy), Ebbe Siönäs (Healthy), Sami Aittokallio (Healthy)
Kaapo Kahkonen (Healthy)
% Time on Ice - Remparts
Lines # - Real PCT - Wanted PCT - Time Play
Normal Forward
1 - 34% - 40% - 15:04
2 - 29% - 30% - 12:34
3 - 23% - 20% - 10:18
4 - 14% - 10% - 6:06
Normal Defense
1 - 40% - 40% - 17:33
2 - 29% - 30% - 12:36
3 - 29% - 20% - 12:53
4 - 2% - 10% - 1:00
PP Forward
1 - 67% - 60% - 1:45
2 - 33% - 40% - 0:52
PP Defense
1 - 46% - 60% - 1:12
2 - 54% - 40% - 1:25
PK Forward
1 - 73% - 60% - 8:41
2 - 27% - 40% - 3:15
PK Defense
1 - 59% - 60% - 7:04
2 - 41% - 40% - 4:52
PK3 Forward
1 - 0% - 60%
2 - 0% - 40%
PK3 Defense
1 - 0% - 60%
2 - 0% - 40%
44 Forward
1 - 85% - 60% - 1:12
2 - 15% - 40% - 0:13
44 Defense
1 - 85% - 60% - 1:12
2 - 15% - 40% - 0:13
Last Minute Offensive - 0:00
Last Minute Defensive - 0:00
Total
Forward - 60:00
Defense - 60:00
|
% Time on Ice - Wolfes
Lines # - Real PCT - Wanted PCT - Time Play
Normal Forward
1 - 34% - 40% - 15:01
2 - 27% - 30% - 11:42
3 - 24% - 20% - 10:26
4 - 16% - 10% - 6:53
Normal Defense
1 - 39% - 40% - 17:17
2 - 27% - 30% - 11:44
3 - 29% - 20% - 12:34
4 - 6% - 10% - 2:27
PP Forward
1 - 56% - 60% - 6:42
2 - 44% - 40% - 5:14
PP Defense
1 - 61% - 60% - 7:17
2 - 39% - 40% - 4:39
PK Forward
1 - 83% - 60% - 2:10
2 - 17% - 40% - 0:27
PK Defense
1 - 66% - 60% - 1:44
2 - 34% - 40% - 0:53
PK3 Forward
1 - 0% - 60%
2 - 0% - 40%
PK3 Defense
1 - 0% - 60%
2 - 0% - 40%
44 Forward
1 - 79% - 60% - 1:07
2 - 21% - 40% - 0:18
44 Defense
1 - 51% - 60% - 0:43
2 - 49% - 40% - 0:42
Last Minute Offensive - 0:00
Last Minute Defensive - 0:00
Total
Forward - 60:00
Defense - 60:00
|
Play-by-Play
1st period
0:01 of 1st period - Martin Hanzal wins face-off versus Max Reinhart in neutral zone.
0:06 of 1st period - Wrist shot by Martin Hanzal.
0:06 of 1st period - Stopped by Igor Bobkov without a rebound.
0:07 of 1st period - Max Reinhart wins face-off versus Martin Hanzal in Remparts zone.
0:16 of 1st period - Wrist shot by Blake Pietila.
0:16 of 1st period - Stopped by Igor Bobkov with a rebound.
0:30 of 1st period - Snap shot by Martin Hanzal.
0:30 of 1st period - Stopped by Igor Bobkov without a rebound.
0:31 of 1st period - Jonathan Matsumoto wins face-off versus Sean Monahan in Remparts zone.
0:42 of 1st period - Wrist shot by Guillaume Desbiens.
0:42 of 1st period - Stopped by Laurent Brossoit with a rebound.
0:44 of 1st period - Slapshot by Guillaume Desbiens.
0:44 of 1st period - Stopped by Laurent Brossoit with a rebound.
1:21 of 1st period - Jake Virtanen is hit by Jacob Lagacé and loses puck.
1:38 of 1st period - Jyrki Jokipakka is hit by Nelson Nogier and loses puck.
1:54 of 1st period - Minor Penalty to Ryan Strome for Interference.
1:55 of 1st period - Blake Pietila wins face-off versus Max Reinhart in Remparts zone.
2:57 of 1st period - Icing by Sean Monahan.
2:58 of 1st period - Sean Monahan wins face-off versus Cédric Lalonde-McNicoll in Wolfes zone.
2:58 of 1st period - Sean Monahan is hit by Cédric Lalonde-McNicoll.
3:22 of 1st period - Snap shot by Blake Pietila.
3:22 of 1st period - Shot Misses the Net.
3:54 of 1st period - Penalty to Ryan Strome is over, Ryan Strome is back on ice.
4:07 of 1st period - Snap shot by Thomas Spelling.
4:07 of 1st period - Shot Blocked by Jonathan Matsumoto.
4:09 of 1st period - Snap shot by Matt Grzelcyk.
4:09 of 1st period - Deflect By Zachary Sanford.
4:09 of 1st period - Shot Misses the Net.
4:09 of 1st period - Puck is out of play.
4:10 of 1st period - Cédric Lalonde-McNicoll wins face-off versus Martin Hanzal in Remparts zone.
4:43 of 1st period - Slapshot by Martin Hanzal.
4:43 of 1st period - Stopped by Igor Bobkov with a rebound.
4:51 of 1st period - Snap shot by Martin Hanzal.
4:51 of 1st period - Stopped by Igor Bobkov with a rebound.
4:57 of 1st period - Wrist shot by Alexandre Grenier.
4:57 of 1st period - Shot Misses the Net.
4:59 of 1st period - Wrist shot by Blake Pietila.
4:59 of 1st period - Stopped by Igor Bobkov with a rebound.
5:01 of 1st period - Snap shot by Alexandre Grenier.
5:01 of 1st period - Shot Blocked by William Colbert.
5:05 of 1st period - Snap shot by Alexandre Grenier.
5:05 of 1st period - Stopped by Igor Bobkov without a rebound.
5:06 of 1st period - Sean Monahan wins face-off versus Max Reinhart in Remparts zone.
5:07 of 1st period - Backhand shot by Benn Ferriero.
5:07 of 1st period - Shot Blocked by Ryan Strome.
5:09 of 1st period - Snap shot by Benn Ferriero.
5:09 of 1st period - Stopped by Igor Bobkov with a rebound.
5:31 of 1st period - Zachary Sanford is hit by Nail Yakupov and loses puck.
5:35 of 1st period - Icing by Michael Stone.
5:36 of 1st period - Cédric Lalonde-McNicoll wins face-off versus Kyle Rau in Wolfes zone.
5:45 of 1st period - Wrist shot by Cédric Lalonde-McNicoll.
5:45 of 1st period - Shot Blocked by Charles-Olivier Roussel.
6:21 of 1st period - Snap shot by Martin Hanzal.
6:21 of 1st period - Stopped by Igor Bobkov with a rebound.
6:33 of 1st period - Wrist shot by Ryan Strome.
6:33 of 1st period - Stopped by Laurent Brossoit with a rebound.
6:45 of 1st period - Snap shot by Guillaume Desbiens.
6:45 of 1st period - Shot Misses the Net.
6:47 of 1st period - Snap shot by Jonathan Matsumoto.
6:47 of 1st period - Deflect By Guillaume Desbiens.
6:47 of 1st period - Shot Misses the Net.
6:47 of 1st period - Puck is out of play.
6:48 of 1st period - Jonathan Matsumoto wins face-off versus Scott Timmins in Wolfes zone.
6:59 of 1st period - Snap shot by Guillaume Desbiens.
6:59 of 1st period - Stopped by Laurent Brossoit with a rebound.
7:01 of 1st period - Slapshot by Niklas Hansson.
7:01 of 1st period - Shot Blocked by Jacob Lagacé.
7:03 of 1st period - Slapshot by Jonathan Matsumoto.
7:03 of 1st period - Shot Misses the Net.
7:13 of 1st period - Niklas Hansson is hit by Benn Ferriero.
7:30 of 1st period - Minor Penalty to Matt Puempel for Interference.
7:31 of 1st period - Max Reinhart wins face-off versus Martin Hanzal in Remparts zone.
7:46 of 1st period - Wrist shot by Blake Pietila.
7:46 of 1st period - Shot Misses the Net.
8:05 of 1st period - Slapshot by Michael Stone.
8:05 of 1st period - Shot Blocked by Niklas Hansson.
8:07 of 1st period - Slapshot by Jamie Oleksiak.
8:07 of 1st period - Stopped by Igor Bobkov with a rebound.
9:30 of 1st period - Penalty to Matt Puempel is over, Matt Puempel is back on ice.
10:13 of 1st period - Guillaume Desbiens is hit by Anton Lindholm and loses puck.
10:30 of 1st period - Snap shot by Brendan Perlini.
10:30 of 1st period - Shot Blocked by Anton Lindholm.
10:48 of 1st period - Michael Stone is hit by Jake Virtanen and loses puck.
11:11 of 1st period - Wrist shot by Michael Stone.
11:11 of 1st period - Stopped by Igor Bobkov with a rebound.
12:23 of 1st period - Zachary Sanford is hit by Ryan Strome.
12:43 of 1st period - Off-side.
12:44 of 1st period - Sam Reinhart wins face-off versus Sean Monahan in neutral zone.
12:51 of 1st period - Wrist shot by Jake Virtanen.
12:51 of 1st period - Stopped by Laurent Brossoit with a rebound.
13:04 of 1st period - Niklas Hansson is hit by Thomas Spelling.
13:17 of 1st period - Wrist shot by Zachary Sanford.
13:17 of 1st period - Shot Misses the Net.
14:17 of 1st period - Wrist shot by Jonathan Matsumoto.
14:17 of 1st period - Stopped by Laurent Brossoit with a rebound.
14:56 of 1st period - Blake Pietila is hit by Roberts Lipsbergs and loses puck.
15:19 of 1st period - Snap shot by Zachary Sanford.
15:19 of 1st period - Shot Misses the Net.
15:33 of 1st period - Sergei Plotnikov is hit by Max Reinhart and loses puck.
15:53 of 1st period - Off-side.
15:54 of 1st period - Cédric Lalonde-McNicoll wins face-off versus Scott Timmins in neutral zone.
16:43 of 1st period - Wrist shot by Kyle Rau.
16:43 of 1st period - Stopped by Igor Bobkov without a rebound.
16:44 of 1st period - Kyle Rau wins face-off versus Max Reinhart in Remparts zone.
16:45 of 1st period - Snap shot by Zachary Sanford.
16:45 of 1st period - Shot Misses the Net.
18:10 of 1st period - Michael Stone is hit by Max Reinhart and loses puck.
18:17 of 1st period - Snap shot by Pontus Aberg.
18:17 of 1st period - Stopped by Laurent Brossoit with a rebound.
18:19 of 1st period - Slapshot by Michael Downing.
18:19 of 1st period - Shot Blocked by Kyle Rau.
19:21 of 1st period - Charles-Olivier Roussel is hit by Michael Downing and loses puck.
19:47 of 1st period - Snap shot by Scott Timmins.
19:47 of 1st period - Stopped by Igor Bobkov with a rebound.
19:49 of 1st period - Slapshot by Charles-Olivier Roussel.
19:49 of 1st period - Shot Misses the Net.
19:59 of 1st period - Snap shot by Sean Monahan.
19:59 of 1st period - Shot Blocked by Michal Jordan.
Goals for this period are 0 for Remparts vs 0 for Wolfes.
Shots for this period are 7 for Remparts vs 13 for Wolfes.
2nd period
0:01 of 2nd period - Martin Hanzal wins face-off versus Max Reinhart in neutral zone.
0:13 of 2nd period - Minor Penalty to Ryan Strome for Slashing.
0:14 of 2nd period - Blake Pietila wins face-off versus Max Reinhart in Remparts zone.
0:20 of 2nd period - Slapshot by Alexandre Grenier.
0:20 of 2nd period - Shot Misses the Net.
0:22 of 2nd period - Slapshot by Michael Stone.
0:22 of 2nd period - Shot Misses the Net.
0:24 of 2nd period - Snap shot by Alexandre Grenier.
0:24 of 2nd period - Stopped by Igor Bobkov with a rebound.
0:26 of 2nd period - Slapshot by Jamie Oleksiak.
0:26 of 2nd period - Stopped by Igor Bobkov without a rebound.
0:27 of 2nd period - Martin Hanzal wins face-off versus Max Reinhart in Remparts zone.
0:50 of 2nd period - Blake Pietila is hit by William Colbert and loses puck.
1:13 of 2nd period - Snap shot by Sean Monahan.
1:13 of 2nd period - Stopped by Igor Bobkov without a rebound.
1:14 of 2nd period - Sean Monahan wins face-off versus Max Reinhart in Remparts zone.
1:17 of 2nd period - Snap shot by Benn Ferriero.
1:17 of 2nd period - Deflect By William Colbert.
1:17 of 2nd period - Shot Misses the Net.
1:17 of 2nd period - Puck is out of play.
1:18 of 2nd period - Max Reinhart wins face-off versus Benn Ferriero in Remparts zone.
2:13 of 2nd period - Penalty to Ryan Strome is over, Ryan Strome is back on ice.
2:29 of 2nd period - Snap shot by Zachary Sanford.
2:29 of 2nd period - Goal by Zachary Sanford - Remparts : 0 - Wolfes : 1.
2:30 of 2nd period - Max Reinhart wins face-off versus Blake Pietila in neutral zone.
2:43 of 2nd period - Snap shot by Alexandre Grenier.
2:43 of 2nd period - Goal by Alexandre Grenier - Remparts : 0 - Wolfes : 2.
2:44 of 2nd period - Martin Hanzal wins face-off versus Max Reinhart in neutral zone.
3:11 of 2nd period - Michael Stone is hit by Michal Jordan.
3:20 of 2nd period - Off-side.
3:21 of 2nd period - Max Reinhart wins face-off versus Sean Monahan in neutral zone.
3:48 of 2nd period - Off-side.
3:49 of 2nd period - Jonathan Matsumoto wins face-off versus Kyle Rau in neutral zone.
3:56 of 2nd period - Slapshot by Thomas Spelling.
3:56 of 2nd period - Stopped by Igor Bobkov with a rebound.
3:58 of 2nd period - Slapshot by Michael Stone.
3:58 of 2nd period - Deflect By Thomas Spelling.
3:58 of 2nd period - Stopped by Igor Bobkov without a rebound.
3:59 of 2nd period - Alexandre Grenier wins face-off versus Max Reinhart in Remparts zone.
4:02 of 2nd period - Slapshot by Blake Pietila.
4:02 of 2nd period - Shot Misses the Net.
4:04 of 2nd period - Snap shot by Blake Pietila.
4:04 of 2nd period - Shot Blocked by Michal Jordan.
4:06 of 2nd period - Snap shot by Alexandre Grenier.
4:06 of 2nd period - Shot Misses the Net.
4:08 of 2nd period - Slapshot by Alexandre Grenier.
4:08 of 2nd period - Stopped by Igor Bobkov without a rebound.
4:09 of 2nd period - Martin Hanzal wins face-off versus Max Reinhart in Remparts zone.
4:46 of 2nd period - Slapshot by William Colbert.
4:46 of 2nd period - Shot Blocked by Charles-Olivier Roussel.
4:48 of 2nd period - Slapshot by Ryan Strome.
4:48 of 2nd period - Shot Misses the Net.
4:50 of 2nd period - Wrist shot by Pontus Aberg.
4:50 of 2nd period - Shot Misses the Net.
4:52 of 2nd period - Slapshot by Max Reinhart.
4:52 of 2nd period - Goal by Max Reinhart - Remparts : 1 - Wolfes : 2.
4:53 of 2nd period - Jonathan Matsumoto wins face-off versus Sean Monahan in neutral zone.
5:44 of 2nd period - Minor Penalty to Keaton Thompson for Holding.
5:45 of 2nd period - Martin Hanzal wins face-off versus Max Reinhart in Remparts zone.
5:50 of 2nd period - Snap shot by Martin Hanzal.
5:50 of 2nd period - Deflect By Niklas Hansson.
5:50 of 2nd period - Stopped by Igor Bobkov without a rebound.
5:51 of 2nd period - Max Reinhart wins face-off versus Martin Hanzal in Remparts zone.
6:18 of 2nd period - Minor Penalty to Klas Dahlbeck for Hooking.
6:19 of 2nd period - Max Reinhart wins face-off versus Sean Monahan in Wolfes zone.
6:20 of 2nd period - Wrist shot by Ryan Strome.
6:20 of 2nd period - Stopped by Laurent Brossoit with a rebound.
6:34 of 2nd period - Wrist shot by Sean Monahan.
6:34 of 2nd period - Deflect By Martin Hanzal.
6:34 of 2nd period - Shot Blocked by William Colbert.
6:34 of 2nd period - Puck is out of play.
6:35 of 2nd period - Max Reinhart wins face-off versus Martin Hanzal in Remparts zone.
7:11 of 2nd period - Michal Jordan is hit by Martin Hanzal and loses puck.
7:22 of 2nd period - Alexandre Grenier is hit by William Colbert and loses puck.
7:44 of 2nd period - Penalty to Keaton Thompson is over, Keaton Thompson is back on ice.
8:14 of 2nd period - Snap shot by Sergei Plotnikov.
8:14 of 2nd period - Goal by Sergei Plotnikov - Remparts : 1 - Wolfes : 3.
8:15 of 2nd period - Martin Hanzal wins face-off versus Max Reinhart in neutral zone.
8:18 of 2nd period - Penalty to Klas Dahlbeck is over, Klas Dahlbeck is back on ice.
8:18 of 2nd period - William Colbert is hit by Klas Dahlbeck and loses puck.
9:47 of 2nd period - Snap shot by Guillaume Desbiens.
9:47 of 2nd period - Stopped by Laurent Brossoit with a rebound.
10:32 of 2nd period - Wrist shot by Guillaume Desbiens.
10:32 of 2nd period - Shot Misses the Net.
10:34 of 2nd period - Snap shot by Jonathan Matsumoto.
10:34 of 2nd period - Stopped by Laurent Brossoit without a rebound.
10:35 of 2nd period - Max Reinhart wins face-off versus Kyle Rau in Wolfes zone.
11:01 of 2nd period - Matt Puempel is hit by Anton Lindholm and loses puck.
11:10 of 2nd period - Matt Puempel is hit by Barclay Goodrow and loses puck.
11:29 of 2nd period - Wrist shot by Jake Virtanen.
11:29 of 2nd period - Goal by Jake Virtanen - Remparts : 2 - Wolfes : 3.
11:30 of 2nd period - Kyle Rau wins face-off versus Max Reinhart in neutral zone.
11:39 of 2nd period - Pontus Aberg is hit by Matt Grzelcyk and loses puck.
12:27 of 2nd period - Backhand shot by Nail Yakupov.
12:27 of 2nd period - Shot Misses the Net.
12:29 of 2nd period - Minor Penalty to Anton Lindholm for Interference.
12:30 of 2nd period - Max Reinhart wins face-off versus Martin Hanzal in Wolfes zone.
12:33 of 2nd period - Wrist shot by Max Reinhart.
12:33 of 2nd period - Goal by Max Reinhart - Remparts : 3 - Wolfes : 3.
12:34 of 2nd period - Max Reinhart wins face-off versus Sean Monahan in neutral zone.
12:37 of 2nd period - Slapshot by Max Reinhart.
12:37 of 2nd period - Deflect By Sergei Plotnikov.
12:37 of 2nd period - Stopped by Laurent Brossoit without a rebound.
12:38 of 2nd period - Max Reinhart wins face-off versus Sean Monahan in Wolfes zone.
12:43 of 2nd period - Slapshot by Ryan Strome.
12:43 of 2nd period - Stopped by Laurent Brossoit with a rebound.
12:45 of 2nd period - Wrist shot by Pontus Aberg.
12:45 of 2nd period - Deflect By Ryan Strome.
12:45 of 2nd period - Shot Misses the Net.
12:45 of 2nd period - Puck is out of play.
12:46 of 2nd period - Sean Monahan wins face-off versus Max Reinhart in Wolfes zone.
13:13 of 2nd period - Klas Dahlbeck is hit by William Colbert and loses puck.
14:19 of 2nd period - Matt Grzelcyk is hit by Roberts Lipsbergs and loses puck.
14:50 of 2nd period - Slapshot by Martin Hanzal.
14:50 of 2nd period - Stopped by Igor Bobkov with a rebound.
14:52 of 2nd period - Slapshot by Anton Lindholm.
14:52 of 2nd period - Shot Misses the Net.
15:23 of 2nd period - Cédric Lalonde-McNicoll is hit by Barclay Goodrow and loses puck.
15:28 of 2nd period - Wrist shot by Scott Timmins.
15:28 of 2nd period - Stopped by Igor Bobkov without a rebound.
15:29 of 2nd period - Sean Monahan wins face-off versus Max Reinhart in Remparts zone.
15:40 of 2nd period - Wrist shot by Max Reinhart.
15:40 of 2nd period - Shot Misses the Net.
16:02 of 2nd period - Snap shot by Jonathan Matsumoto.
16:02 of 2nd period - Stopped by Laurent Brossoit without a rebound.
16:03 of 2nd period - Max Reinhart wins face-off versus Martin Hanzal in Wolfes zone.
16:06 of 2nd period - Slapshot by Max Reinhart.
16:06 of 2nd period - Shot Misses the Net.
16:24 of 2nd period - Minor Penalty to Alexandre Grenier for Cross-checking.
16:25 of 2nd period - Max Reinhart wins face-off versus Martin Hanzal in Wolfes zone.
16:32 of 2nd period - Wrist shot by Ryan Strome.
16:32 of 2nd period - Stopped by Laurent Brossoit with a rebound.
17:46 of 2nd period - Ryan Strome is hit by Michael Stone.
17:56 of 2nd period - Michal Jordan is hit by Sergei Plotnikov and loses puck.
18:19 of 2nd period - Jamie Oleksiak is hit by Michal Jordan and loses puck.
18:24 of 2nd period - Penalty to Alexandre Grenier is over, Alexandre Grenier is back on ice.
18:35 of 2nd period - Wrist shot by Alexandre Grenier.
18:35 of 2nd period - Stopped by Igor Bobkov with a rebound.
18:41 of 2nd period - Matt Grzelcyk is hit by Roberts Lipsbergs and loses puck.
19:12 of 2nd period - Michael Stone is hit by Roberts Lipsbergs and loses puck.
19:53 of 2nd period - Ryan Strome is hit by Kyle Rau.
19:57 of 2nd period - Thomas Spelling is hit by Max Reinhart and loses puck.
Goals for this period are 3 for Remparts vs 3 for Wolfes.
Shots for this period are 10 for Remparts vs 13 for Wolfes.
3rd period
0:01 of 3rd period - Sean Monahan wins face-off versus Max Reinhart in neutral zone.
0:13 of 3rd period - Double Minor Penalty to Pontus Aberg for High sticking.
0:14 of 3rd period - Martin Hanzal wins face-off versus Max Reinhart in Remparts zone.
1:21 of 3rd period - Slapshot by Michael Stone.
1:21 of 3rd period - Stopped by Igor Bobkov with a rebound.
1:23 of 3rd period - Snap shot by Sean Monahan.
1:23 of 3rd period - Goal by Sean Monahan - Remparts : 3 - Wolfes : 4.
1:24 of 3rd period - Max Reinhart wins face-off versus Alexandre Grenier in neutral zone.
1:31 of 3rd period - Slapshot by Niklas Hansson.
1:31 of 3rd period - Shot Misses the Net.
1:41 of 3rd period - Slapshot by Alexandre Grenier.
1:41 of 3rd period - Stopped by Igor Bobkov with a rebound.
3:13 of 3rd period - Niklas Hansson is hit by Barclay Goodrow and loses puck.
3:23 of 3rd period - Penalty to Pontus Aberg is over, Pontus Aberg is back on ice.
3:24 of 3rd period - Slapshot by Michael Stone.
3:24 of 3rd period - Shot Misses the Net.
3:40 of 3rd period - Snap shot by Cédric Lalonde-McNicoll.
3:40 of 3rd period - Stopped by Laurent Brossoit with a rebound.
4:16 of 3rd period - Minor Penalty to Michael Downing for Boarding.
4:17 of 3rd period - Martin Hanzal wins face-off versus Max Reinhart in Remparts zone.
4:20 of 3rd period - Snap shot by Martin Hanzal.
4:20 of 3rd period - Shot Blocked by Keaton Thompson.
4:22 of 3rd period - Snap shot by Michael Stone.
4:22 of 3rd period - Shot Misses the Net.
4:24 of 3rd period - Snap shot by Alexandre Grenier.
4:24 of 3rd period - Shot Blocked by Michal Jordan.
4:26 of 3rd period - Slapshot by Jamie Oleksiak.
4:26 of 3rd period - Stopped by Igor Bobkov with a rebound.
4:28 of 3rd period - Wrist shot by Alexandre Grenier.
4:28 of 3rd period - Stopped by Igor Bobkov with a rebound.
4:30 of 3rd period - Wrist shot by Blake Pietila.
4:30 of 3rd period - Goal by Blake Pietila - Remparts : 3 - Wolfes : 5.
4:31 of 3rd period - Sean Monahan wins face-off versus Max Reinhart in neutral zone.
4:34 of 3rd period - Slapshot by Michael Stone.
4:34 of 3rd period - Shot Misses the Net.
4:36 of 3rd period - Slapshot by Jamie Oleksiak.
4:36 of 3rd period - Shot Misses the Net.
4:38 of 3rd period - Snap shot by Sean Monahan.
4:38 of 3rd period - Shot Misses the Net.
4:40 of 3rd period - Wrist shot by Jamie Oleksiak.
4:40 of 3rd period - Deflect By Sean Monahan.
4:40 of 3rd period - Stopped by Igor Bobkov with a rebound.
4:42 of 3rd period - Slapshot by Michael Stone.
4:42 of 3rd period - Stopped by Igor Bobkov with a rebound.
4:44 of 3rd period - Snap shot by Benn Ferriero.
4:44 of 3rd period - Shot Misses the Net.
4:46 of 3rd period - Slapshot by Jamie Oleksiak.
4:46 of 3rd period - Shot Misses the Net.
4:56 of 3rd period - Brendan Perlini is hit by Michael Stone and loses puck.
5:24 of 3rd period - Scott Timmins is hit by Nail Yakupov and loses puck.
5:39 of 3rd period - Slapshot by Michal Jordan.
5:39 of 3rd period - Shot Blocked by Zachary Sanford.
5:41 of 3rd period - Wrist shot by Michal Jordan.
5:41 of 3rd period - Stopped by Laurent Brossoit with a rebound.
5:43 of 3rd period - Backhand shot by William Colbert.
5:43 of 3rd period - Shot Misses the Net.
5:45 of 3rd period - Wrist shot by Sam Reinhart.
5:45 of 3rd period - Goal by Sam Reinhart - Remparts : 4 - Wolfes : 5.
5:46 of 3rd period - Max Reinhart wins face-off versus Martin Hanzal in neutral zone.
6:33 of 3rd period - Cédric Lalonde-McNicoll is hit by Scott Timmins and loses puck.
6:46 of 3rd period - Slapshot by William Colbert.
6:46 of 3rd period - Stopped by Laurent Brossoit without a rebound.
6:47 of 3rd period - Martin Hanzal wins face-off versus Max Reinhart in Wolfes zone.
6:52 of 3rd period - Wrist shot by Blake Pietila.
6:52 of 3rd period - Shot Misses the Net.
6:54 of 3rd period - Slapshot by Klas Dahlbeck.
6:54 of 3rd period - Shot Blocked by Niklas Hansson.
6:56 of 3rd period - Slapshot by Alexandre Grenier.
6:56 of 3rd period - Shot Blocked by Keaton Thompson.
6:58 of 3rd period - Slapshot by Martin Hanzal.
6:58 of 3rd period - Stopped by Igor Bobkov with a rebound.
7:00 of 3rd period - Slapshot by Klas Dahlbeck.
7:00 of 3rd period - Shot Hit the Post.
7:33 of 3rd period - Minor Penalty to Keaton Thompson for Cross-checking.
7:34 of 3rd period - Martin Hanzal wins face-off versus Max Reinhart in Remparts zone.
7:36 of 3rd period - Snap shot by Martin Hanzal.
7:36 of 3rd period - Goal by Martin Hanzal - Remparts : 4 - Wolfes : 6.
7:37 of 3rd period - Blake Pietila wins face-off versus Max Reinhart in neutral zone.
8:29 of 3rd period - Icing by Keaton Thompson.
8:30 of 3rd period - Martin Hanzal wins face-off versus Cédric Lalonde-McNicoll in Remparts zone.
8:35 of 3rd period - Snap shot by Alexandre Grenier.
8:35 of 3rd period - Stopped by Igor Bobkov without a rebound.
8:36 of 3rd period - Max Reinhart wins face-off versus Martin Hanzal in Remparts zone.
8:36 of 3rd period - Max Reinhart is hit by Blake Pietila.
9:13 of 3rd period - Backhand shot by Guillaume Desbiens.
9:13 of 3rd period - Shot Blocked by Michael Stone.
9:33 of 3rd period - Wrist shot by Cédric Lalonde-McNicoll.
9:33 of 3rd period - Stopped by Laurent Brossoit with a rebound.
10:13 of 3rd period - Jacob Lagacé is hit by Pontus Aberg and loses puck.
10:30 of 3rd period - Benn Ferriero is hit by Brendan Perlini and loses puck.
11:06 of 3rd period - Snap shot by Max Reinhart.
11:06 of 3rd period - Stopped by Laurent Brossoit with a rebound.
11:08 of 3rd period - Wrist shot by Nelson Nogier.
11:08 of 3rd period - Deflect By Ryan Strome.
11:08 of 3rd period - Stopped by Laurent Brossoit without a rebound.
11:09 of 3rd period - Max Reinhart wins face-off versus Scott Timmins in Wolfes zone.
11:17 of 3rd period - Off-side.
11:18 of 3rd period - Martin Hanzal wins face-off versus Max Reinhart in neutral zone.
11:25 of 3rd period - Backhand shot by Alexandre Grenier.
11:25 of 3rd period - Shot Misses the Net.
11:27 of 3rd period - Slapshot by Martin Hanzal.
11:27 of 3rd period - Shot Misses the Net.
11:55 of 3rd period - William Colbert is hit by Zachary Sanford.
12:15 of 3rd period - Snap shot by Pontus Aberg.
12:15 of 3rd period - Stopped by Laurent Brossoit without a rebound.
12:16 of 3rd period - Sean Monahan wins face-off versus Jonathan Matsumoto in Wolfes zone.
12:48 of 3rd period - Slapshot by Cédric Lalonde-McNicoll.
12:48 of 3rd period - Stopped by Laurent Brossoit with a rebound.
12:50 of 3rd period - Wrist shot by Matt Puempel.
12:50 of 3rd period - Stopped by Laurent Brossoit without a rebound.
12:51 of 3rd period - Jonathan Matsumoto wins face-off versus Benn Ferriero in Wolfes zone.
12:54 of 3rd period - Snap shot by Jonathan Matsumoto.
12:54 of 3rd period - Deflect By Guillaume Desbiens.
12:54 of 3rd period - Stopped by Laurent Brossoit with a rebound.
13:04 of 3rd period - Snap shot by Guillaume Desbiens.
13:04 of 3rd period - Shot Misses the Net.
13:35 of 3rd period - Icing by Nelson Nogier.
13:36 of 3rd period - Kyle Rau wins face-off versus Matt Puempel in Remparts zone.
13:37 of 3rd period - Wrist shot by Thomas Spelling.
13:37 of 3rd period - Shot Blocked by Nail Yakupov.
14:13 of 3rd period - Slapshot by Jamie Oleksiak.
14:13 of 3rd period - Deflect By Ryan Strome.
14:13 of 3rd period - Stopped by Igor Bobkov with a rebound.
14:15 of 3rd period - Minor Penalty to Nelson Nogier for Hooking.
14:16 of 3rd period - Max Reinhart wins face-off versus Martin Hanzal in Remparts zone.
14:44 of 3rd period - Icing by Sergei Plotnikov.
14:45 of 3rd period - Sean Monahan wins face-off versus Max Reinhart in Wolfes zone.
14:45 of 3rd period - Sean Monahan is hit by Ryan Strome.
14:55 of 3rd period - Keaton Thompson is hit by Benn Ferriero and loses puck.
15:52 of 3rd period - Martin Hanzal is hit by Roberts Lipsbergs and loses puck.
16:15 of 3rd period - Penalty to Nelson Nogier is over, Nelson Nogier is back on ice.
17:01 of 3rd period - Wrist shot by Sam Reinhart.
17:01 of 3rd period - Deflect By Jake Virtanen.
17:01 of 3rd period - Shot Blocked by Charles-Olivier Roussel.
17:01 of 3rd period - Puck is out of play.
17:02 of 3rd period - Sean Monahan wins face-off versus Sam Reinhart in Wolfes zone.
19:04 of 3rd period - Keaton Thompson is hit by Kyle Rau and loses puck.
19:15 of 3rd period - Nicolas Deschamps is hit by Brendan Perlini and loses puck.
19:44 of 3rd period - Blake Pietila is hit by Niklas Hansson and loses puck.
Goals for this period are 1 for Remparts vs 3 for Wolfes.
Shots for this period are 11 for Remparts vs 12 for Wolfes.
Back to the Top